 Dungeon Crawl Stone Soup version 0.30-a0-1082-g70414cbcbb (webtiles) character file.

Game seed: 2027128241383064529

329 Adrian566 the Covert (level 6, 0/40 HPs)
             Began as an Octopode Brigand on Apr 15, 2023.
             Slain by a lemure (2 damage)
             ... led by Pikel
             ... on level 4 of the Dungeon.
             The game lasted 00:03:01 (2819 turns).

Adrian566 the Covert (Octopode Brigand)             Turns: 2819, Time: 00:03:02

Health: 0/40       AC:  1    Str: 10    XL:     6   Next: 50%
Magic:  6/6        EV: 13    Int: 13    God:
Gold:   188        SH:  0    Dex: 16    Spells: 5/5 levels left

rFire   . . .      SeeInvis .    a - +2 dagger
rCold   . . .      Faith    .    (no shield)
rNeg    . . .      Spirit   .    (helmet restricted)
rPois   .          Reflect  .    (no amulet)
rElec   .          Rampage  .    (no ring)
rCorr   .                        (no ring)
Will    .....                    (no ring)
Stlth   +++++                    (no ring)
HPRegen 0.26/turn                (no ring)
MPRegen 0.10/turn                (no ring)
                                 (no ring)
                                 (no ring)

@: no status effects
A: almost no armour, amphibious, 8 rings, camouflage 1, gelatinous body 1,
(nimble swimmer 1), tentacles
a: no special abilities


You were on level 4 of the Dungeon.
You visited 1 branch of the dungeon, and saw 4 of its levels.

You collected 188 gold pieces.

Inventory:

Hand Weapons
 a - a +2 dagger (weapon)
Missiles
 b - 23 poisoned darts
 c - 3 curare-tipped darts
Wands
 o - a wand of quicksilver (7) (quivered)
Scrolls
 d - 2 scrolls of identify
 f - a scroll of amnesia {unknown}
 g - a scroll of immolation {unknown}
 i - a scroll of teleportation
Potions
 e - a potion of mutation
 h - a potion of brilliance {unknown}
 j - a potion of curing
 l - a potion of haste {unknown}
 n - a potion of invisibility {unknown}


   Skills:
 + Level 2.3 Fighting
 + Level 2.7 Short Blades
 + Level 2.0 Throwing
 + Level 1.4 Dodging
 * Level 9.9 Stealth


You had 5 spell levels left.
You didn't know any spells.
Your spell library was empty.

Dungeon Overview and Level Annotations

Branches:
Dungeon (4/15)
 Temple: D:4-7

Altars:
Ashenzari

Shops:
D:1 *


Innate Abilities, Weirdness & Mutations

You cannot wear most types of armour.
You are amphibious.
You can wear up to eight rings at the same time.
Your skin changes colour to match your surroundings (Stealth+).
Your rubbery body absorbs attacks. (AC +1, EV +1)
((You are camouflaged when in or above water. (Stealth+)))
You have tentacles for arms and can constrict up to eight enemies at once.


Message History

A lemure is nearby!
A lemure is nearby!
A lemure is nearby!
You see here a potion of curing. 2 lemures come into view.
The lemure hits you!
You completely miss the lemure. Your grab misses the lemure.
You squeeze the lemure!
The lemure is moderately wounded.
The lemure misses you.
You hit the lemure. Your grab misses the lemure.
The lemure is moderately wounded.
The lemure hits you.
You hit the lemure but do no damage. Your grab misses the lemure.
The lemure is moderately wounded.
The lemure barely misses you. The lemure hits you.
The lemure barely misses you.
You closely miss the lemure. You grab the lemure.
The lemure is moderately wounded.
You constrict the lemure. The lemure hits you! x2
* * * LOW HITPOINT WARNING * * *
The lemure hits you!
* * * LOW HITPOINT WARNING * * *
You are too injured to fight recklessly!
You are too injured to fight recklessly!
Unknown command.
You feel much better.
You constrict the lemure. The lemure misses you. The lemure hits you.
The lemure barely misses you.
You release your grip on the lemure.
The lemure attacks as you move away! The lemure hits you!
* * * LOW HITPOINT WARNING * * *
The lemure attacks as you move away! The lemure hits you.
* * * LOW HITPOINT WARNING * * *
The lemure hits you.
* * * LOW HITPOINT WARNING * * *
The lemure attacks as you move away! The lemure closely misses you.
You see here a potion of curing.
j - a potion of curing The lemure hits you.
You die...

.##.#..##.#.†..#.
##.
##....##....##..#.
.. #
#..##.#..##.#...#.
#.##..#.##..#.##..#
.#.
....##....##....##
.#. #
.##..#.##..#.## #.
#..##.#..##.#..##.
#.
#...5##....##....#
#.#@.##.# .##.#
#55#.##..# # ..
#....##....##
#..#.##..#.##. # ##
.. #. . ## ..## #.#
..


You could see 2 lemures.

Vanquished Creatures
  An orc priest (D:3)
  Jessica (D:2)
  An orc wizard (D:3)
  Terence (D:3)
  Natasha (thrice) (D:2)
  5 adders (D:3)
  4 gnolls (D:3)
  A dart slug (D:1)
  3 orcs (D:3)
  7 ball pythons
  9 bats
  5 endoplasms
  3 goblins (D:3)
  7 hobgoblins
  3 jackals (D:3)
  A quokka (D:1)
  4 frilled lizards
  4 kobolds
  5 rats
68 creatures vanquished.

Vanquished Creatures (others)
  4 plants (D:3)
4 creatures vanquished.

Grand Total: 72 creatures vanquished

Notes
Turn   | Place    | Note
-------+----------+-------------------------------------------
     0 | D:1      | Adrian566 the Octopode Brigand began the quest for the Orb.
     0 | D:1      | Reached XP level 1. HP: 14/14 MP: 1/1
   205 | D:1      | Found Wijuboza's General Store.
   212 | D:1      | Reached skill level 6 in Stealth
   212 | D:1      | Reached XP level 2. HP: 18/19 MP: 2/2
   755 | D:2      | Noticed Jessica
   760 | D:2      | Killed Jessica
   761 | D:2      | Reached skill level 7 in Stealth
   761 | D:2      | Reached XP level 3. HP: 24/24 MP: 3/3
   791 | D:2      | Noticed Natasha
   799 | D:2      | Killed Natasha
   800 | D:2      | Reached XP level 4. HP: 13/29 MP: 4/4
   877 | D:2      | Noticed Natasha
   919 | D:2      | Killed Natasha
   920 | D:2      | Reached skill level 8 in Stealth
  1171 | D:2      | Noticed Natasha
  1180 | D:2      | Killed Natasha
  1181 | D:2      | Reached XP level 5. HP: 34/34 MP: 5/5
  1613 | D:3      | Noticed Terence
  1624 | D:3      | Reached skill level 9 in Stealth
  1692 | D:3      | Killed Terence
  1742 | D:3      | Reached XP level 6. HP: 18/39 MP: 6/6
  1923 | D:3      | Found a broken altar of Ashenzari.
  2815 | D:4      | HP: 2/40 [lemure[Pikel] (10)]
  2819 | D:4      | Slain by a lemure

Illustrated notes

Levels and vault maps discovered:
D:1:      pf_arrival_petrified_forest, layout_loops_ring, serial_shops, shop,
          minmay_indecisive_spiral
D:2:      layout_rooms, reono_crystal_passage, uniq_jessica, uniq_natasha
D:3:      layout_loops_ring, nicolae_ashenzari_skybound,
          minmay_shallow_snake_nest, uniq_terence
D:4:      layout_gridville, nicolae_wu_jian_wuxing_cycle, nicolae_eternal_life,
          uniq_pikel, uniq_menkaure

Skill      XL: |  1  2  3  4  5 |
---------------+----------------+-----
Stealth        | 6 7 8 9 |  9.9
Fighting       | |  2.3
Short Blades   | |  2.7
Throwing       | |  2.0
Dodging        | |  1.4

Action                     |  1- 3 |  4- 6 || total
---------------------------+-------+-------++-------
  Melee: Dagger            |    27 |   113 ||   140
         Constrict         |     4 |    21 ||    25
         Tentacles         |     4 |    28 ||    32
         Punch             |       |     3 ||     3
    Use: Potion            |       |     8 ||     8
         Scroll            |       |     7 ||     7
   Stab: Sleeping          |    17 |    10 ||    27
         Distracted        |       |     2 ||     2
 Armour: Skin              |     1 |     3 ||     4
  Dodge: Dodged            |     3 |    60 ||    63

Table legend: (Time is in decaauts)
 A = Elapsed time spent in this place.
 B = Non-inter-level travel time spent in this place.
 C = Inter-level travel time spent in this place.
 D = Time resting spent in this place.
 E = Time spent auto-exploring this place.
 F = Levels seen in this place.
 G = Mean time per level.
                   A        B        C        D        E       F      G
               +--------+--------+--------+--------+--------+-----+--------+
         Total |   2812 |   2723 |     89 |    435 |   1787 |   4 |  703.0 |
       Dungeon |   2812 |   2723 |     89 |    435 |   1787 |   4 |  703.0 |
               +--------+--------+--------+--------+--------+-----+--------+

Top non-repeatable levels by time:
     D:3: 1450 daAuts
     D:1: 712 daAuts
     D:2: 555 daAuts
     D:4: 95 daAuts
